 Dungeon Crawl Stone Soup version 0.25-a0-190-g27fffb8c76 (webtiles) character file.

Game seed: 3010281536051891740, levelgen mode: deterministic

85 speedrun the Skirmisher (level 4, -1/30 HPs)
             Began as a Gargoyle Monk on Nov 30, 2019.
             Slain by a killer bee (6 damage)
             ... on level 3 of the Dungeon.
             The game lasted 00:01:05 (579 turns).

speedrun the Skirmisher (Gargoyle Monk)              Turns: 579, Time: 00:01:05

Health: -1/30      AC:  9    Str: 15    XL:     4   Next: 48%
Magic:  4/4        EV: 15    Int: 11    God:
Gold:   58         SH:  0    Dex: 17    Spells: 3/3 levels left

rFire    . . .     SeeInvis .   a - +0 hand axe
rCold    + . .     Gourm    .   (no shield)
rNeg     + . .     Faith    .   d - +0 scale mail
rPois    ∞         Spirit   .   (no helmet)
rElec    +         Reflect  .   (no cloak)
rCorr    .         Harm     .   (no gloves)
MR       .....                  (no boots)
Stlth    ++........             (no amulet)
HPRegen  0.10/turn              c - ring of protection from cold (curse)
MPRegen  0.09/turn              (no ring)

@: agile, flying
A: negative energy resistance 1, electricity resistance, unbreathing,
petrification resistance, rot immunity, AC +3
a: no special abilities


You were on level 3 of the Dungeon.
You were not hungry.

You visited 1 branch of the dungeon, and saw 3 of its levels.

You collected 58 gold pieces.

Inventory:

Hand Weapons
 a - a +0 hand axe (weapon)
Armour
 d - a +0 scale mail (worn)
Jewellery
 c - a cursed ring of protection from cold (left hand)
Potions
 H - a potion of haste {@q3}
Comestibles
 b - 8 chunks of flesh
 z - 3 rations


   Skills:
 + Level 4.6 Fighting
 + Level 3.8 Axes
 - Level 2.4 Dodging
 - Level 2.1 Stealth


You had 3 spell levels left.
You didn't know any spells.
Your spell library was empty.

Dungeon Overview and Level Annotations

Branches:
Dungeon (3/15)

Altars:


Innate Abilities, Weirdness & Mutations

You are resistant to torment.
Your stone body is resilient. (AC +3)
You are immune to poison.
You resist negative energy. (rN+)
You are resistant to electric shocks. (rElec)
You can survive without breathing.
You are immune to petrification.
You are immune to rotting.


Message History

You hit the killer bee.
The killer bee is almost dead.
The killer bee barely misses you. The killer bee closely misses you.
You miss the killer bee.
The killer bee is almost dead.
The killer bee stings you but does no damage.
The killer bee closely misses you.
You barely miss the killer bee.
The killer bee is almost dead.
The killer bee stings you but does no damage.
The killer bee closely misses you.
The killer bee stings you but does no damage.
You miss the killer bee.
The killer bee is almost dead.
The killer bee stings you. The killer bee misses you.
You are too injured to fight recklessly!
You barely miss the killer bee.
The killer bee is almost dead.
The killer bee stings you.
You die...

...#.###........
#.....#........ #######
#.....####### . .......
##.##.....†.##.# .......
#.########..... ....... #<#
#.....# .......### #.#
##.#####
.........####.######..#
.....%.#yy@..........######
.......######.####........#
####### #.#####.#####..
##...###.# #........#
#.......## #.......#
#.).....# #..%....#


You could see 2 killer bees.

Vanquished Creatures
  A killer bee
  An adder
  An ooze
  A dart slug
  A leopard gecko
  3 bats
  3 goblins
  4 hobgoblins
  3 jackals
  2 kobolds
  A frilled lizard
  3 rats
24 creatures vanquished.

Notes
Turn   | Place    | Note
-------+----------+-------------------------------------------
     0 | D:1      | speedrun the Gargoyle Monk began the quest for the Orb.
     0 | D:1      | Reached XP level 1. HP: 14/14 MP: 1/1
   197 | D:2      | Reached skill level 3 in Axes
   197 | D:2      | Reached XP level 2. HP: 20/20 MP: 2/2
   342 | D:2      | Reached XP level 3. HP: 20/24 MP: 3/3
   345 | D:2      | Reached skill level 4 in Fighting
   496 | D:3      | Noticed a killer bee
   496 | D:3      | Noticed a killer bee
   510 | D:3      | Killed a killer bee
   510 | D:3      | Reached XP level 4. HP: 27/30 MP: 4/4
   556 | D:3      | HP: 4/30 [killer bee (5)]
   579 | D:3      | Slain by a killer bee

Levels and vault maps discovered:
D:1:      mrwooster_arrival_arrow, layout_rooms, kennysheep_doodads,
          serial_bayou_lake_a
D:2:      layout_basic, zin_scriptorium, nemelex_altar_shiori
D:3:      layout_rooms, dancing_weapons_uskayaw, first_ration

Skill      XL: |  1  2  3 |
---------------+----------+-----
Axes           | 3 |  3.8
Fighting       | 4 |  4.6
Dodging        | |  2.4
Stealth        | |  2.1

Action                   |  1- 3 |  4- 6 || total
-------------------------+-------+-------++-------
Melee: Hand axe          |    84 |    33 ||   117
  Use: Potion            |     1 |     4 ||     5
 Stab: Sleeping          |     2 |       ||     2
Armor: Robe              |    16 |       ||    16
       Scale mail        |    23 |    33 ||    56
Dodge: Dodged            |    60 |    40 ||   100

Table legend:
 A = Non-vault XP
 B = Vault XP
 C = Vault XP percentage of total XP
 D = Non-vault monster count
 E = Vault monster count
 F = Vault count percentage of total count
                 A         B        C        D         E       F
            +---------+---------+-------+---------+---------+-------
      Total |     122 |       0 |   0.0 |      24 |       0 |   0.0
            +---------+---------+-------+---------+---------+-------
        D:1 |       3 |       0 |   0.0 |       2 |       0 |   0.0
        D:2 |      53 |       0 |   0.0 |      19 |       0 |   0.0
        D:3 |      66 |       0 |   0.0 |       3 |       0 |   0.0
            +---------+---------+-------+---------+---------+-------
